 Dungeon Crawl Stone Soup version 0.32-a0-981-g384da2ce10 (webtiles) character file.

Game seed: 8403270170755800558

304024 Skular the Devastator (level 20, -4/120 HPs)
             Began as a Deep Elf Conjurer on Apr 17, 2024.
             Was the Champion of Vehumet.
             Slain by a +2 glaive of venom (23 damage)
             ... animated by Zenata
             ... on level 1 of the Vaults on Apr 20, 2024.
             The game lasted 05:05:59 (51149 turns).

Skular the Devastator (Deep Elf Conjurer)          Turns: 51149, Time: 05:06:00

Health: -4/120     AC: 14    Str:  7    XL:     20   Next: 25%
Magic:  30/53      EV: 11    Int: 39    God:    Vehumet [******]
Gold:   1952       SH: 17    Dex: 15    Spells: 6/56 levels left

rFire   + + .        o - staff of Vunygreb {^Drain rPois rCorr SInv Conj Alchemy}
rCold   + + .        b - +1 kite shield
rNeg    . . .        y - +2 robe {Will+}
rPois   +            f - +1 helmet of the Distant Future {-Tele Regen+ Dex+2 Slay+3 Stlth+}
rElec   +            S - scarf {rC+ rF+}
rCorr   +            F - +1 pair of gloves {Stlth+}
SInv    +            a - +5 pair of boots of the Barnacle {rPois rC+}
Will    ++++.        U - amulet "Finie" {Reflect Will+ Str+3 SH+5 Stlth+}
Stlth   +++++        I - +6 ring of intelligence
HPRegen 1.20/turn    p - ring "Etas" {*Corrode rElec rF+ MP+9}
MPRegen 0.33/turn

%: no teleportation, corrode self (3%), reflection
@: liquefying, hasted, studying Shields, slowed movement, quick
A: no striking features
}: 2/15 runes: barnacled, gossamer
a: Renounce Religion


You were on level 1 of the Vaults.
You worshipped Vehumet.
Vehumet was exalted by your worship.
You visited 8 branches of the dungeon, and saw 35 of its levels.
You also visited: Bailey.

You collected 4466 gold pieces.
You spent 2514 gold pieces at shops.

Inventory:

Missiles
 c - 3 throwing nets
Armour
 a - the +5 pair of boots of the Barnacle (worn) {rPois rC+}
   (You found it on level 8 of the Dungeon)

   rC+:       It protects you from cold.
   rPois:     It protects you from poison.
 b - a +1 kite shield (worn)
 f - the +1 helmet of the Distant Future (worn) {-Tele Regen+ Dex+2 Slay+3 Stlth+}
   (You acquired it on level 9 of the Dungeon)

   Dex+2:     It affects your dexterity (+2).
   Slay+3:    It affects your accuracy & damage with ranged weapons and melee
   (+3).
   -Tele:     It prevents most forms of teleportation.
   Regen+:    It increases your rate of health regeneration.
   Stlth+:    It makes you more stealthy.
 g - a +2 cloak of willpower
 y - a +2 robe of willpower (worn)
 F - a +1 pair of gloves of stealth (worn)
 S - a scarf of resistance (worn)
Magical Staves
 o - the staff of Vunygreb (weapon) {^Drain rPois rCorr SInv Conj Alchemy}
   (You took it off a centaur on level 9 of the Dungeon)

   [staff of alchemy]

   Base accuracy: +5 Base damage: 5 Base attack delay: 1.2 This weapon's minimum
   attack delay (0.6) is reached at skill level 12.
   rPois:     It protects you from poison.
   SInv:      It lets you see invisible.
   rCorr:     It protects you from acid and corrosion.
   ^Drain:    It drains your maximum health when unequipped.
   Conj:      It increases the power of your Conjurations spells.
   Alchemy:   It increases the power of your Alchemy spells.
   It falls into the 'Staves' category.
   It is a one-handed weapon.
 t - the staff of Action {rPois Will+ Dex+4 Summ Alchemy}
   (You found it on level 3 of the Elven Halls)

   [staff of alchemy]

   Base accuracy: +5 Base damage: 5 Base attack delay: 1.2 This weapon's minimum
   attack delay (0.6) is reached at skill level 12.
   Dex+4:     It affects your dexterity (+4).
   rPois:     It protects you from poison.
   Will+:     It increases your willpower.
   Summ:      It increases the power of your Summonings spells.
   Alchemy:   It increases the power of your Alchemy spells.
   It falls into the 'Staves' category.
   It is a one-handed weapon.
 C - the staff "Ceusaaf" {rN+ Air Earth}
   (You found it on level 9 of the Dungeon)

   [staff of earth]

   Base accuracy: +5 Base damage: 5 Base attack delay: 1.2 This weapon's minimum
   attack delay (0.6) is reached at skill level 12.
   rN+:       It protects you from negative energy.
   Air:       It increases the power of your Air spells.
   Earth:     It increases the power of your Earth spells.
   It falls into the 'Staves' category.
   It is a one-handed weapon.
Jewellery
 l - a ring of magical power
 p - the ring "Etas" (right hand) {*Corrode rElec rF+ MP+9}
   (You bought it in a shop on level 2 of the Elven Halls)

   [ring of protection from fire]

   rF+:       It protects you from fire.
   rElec:     It insulates you from electricity.
   MP+9:      It affects your magic capacity (+9).
   *Corrode:  It may corrode you when you take damage.
 I - a +6 ring of intelligence (left hand)
 O - a ring of willpower
 Q - a ring of wizardry
 U - the amulet "Finie" (around neck) {Reflect Will+ Str+3 SH+5 Stlth+}
   (You bought it in a shop on level 2 of the Orcish Mines)

   [amulet of reflection]

   Reflect:   It reflects blocked missile attacks.
   Str+3:     It affects your strength (+3).
   Will+:     It increases your willpower.
   SH+5:      It affects your SH (+5).
   Stlth+:    It makes you more stealthy.
Wands
 r - a wand of paralysis (22)
 A - a wand of polymorph (1)
 E - a wand of roots (19)
 H - a wand of digging (8)
 V - a wand of flame (53)
 X - a wand of mindburst (12)
 Z - a wand of light (5)
Scrolls
 e - 3 scrolls of silence
 h - 9 scrolls of noise
 m - 7 scrolls of vulnerability
 n - 5 scrolls of fog
 q - 6 scrolls of revelation
 v - 5 scrolls of blinking
 w - 6 scrolls of amnesia
 x - 2 scrolls of summoning
 z - 9 scrolls of teleportation
 B - 9 scrolls of immolation
 D - 2 scrolls of fear
 G - 2 scrolls of poison
 K - 7 scrolls of enchant weapon
 P - 2 scrolls of torment
Potions
 d - 2 potions of attraction
 i - 4 potions of heal wounds
 j - 2 potions of resistance
 k - 5 potions of mutation
 s - 5 potions of might
 u - 5 potions of brilliance
 J - 8 potions of curing
 L - 5 potions of haste
 M - 4 potions of lignification
 N - 9 potions of ambrosia
 R - 3 potions of enlightenment
 T - a potion of cancellation
Miscellaneous
 Y - a box of beasts


   Skills:
 + Level 11.5 Fighting
 - Level 3.2 Staves
 - Level 6.0 Dodging
 - Level 2.6 Stealth
 + Level 9.8 Shields
 + Level 18.8 Spellcasting
 * Level 19.1 Conjurations
 + Level 12.9 Summonings
 - Level 4.9 Translocations
 - Level 7.8 Ice Magic
 * Level 19.1 Earth Magic
 * Level 12.3 Alchemy
 - Level 3.4 Evocations


You had 6 spell levels left.
You knew the following spells:

 Your Spells              Type           Power      Damage    Failure   Level
a - Magic Dart            Conj           100%       1d8       0%          1
b - Searing Ray           Conj           100%       2d8       0%          2
c - Fulminant Prism       Conj/Alch      75%        3d31      1%          4
d - Iskenderun's Mystic   Conj/Tloc      100%       2d19      (+2d11%     4
e - Orb of Destruction    Conj           67%        9d16      1%          7
f - Lehudib's Crystal Sp  Conj/Erth      67%        10d15     2%          8
g - Ozocubu's Armour      Ice            78%        N/A       1%          3
h - Blink                 Tloc           100%       N/A       1%          2
i - Fulsome Fusillade     Conj/Alch      75%        (3-5)d20  9%          8
j - Spellforged Servitor  Conj/Summ      63%        N/A       1%          7
k - Leda's Liquefaction   Alch/Erth      63%        N/A       1%          4

Your spell library contained the following spells:

 Spells                   Type           Power      Damage    Failure   Level
 Polar Vortex             Ice            39%        12d5*     100%        9
 Sandblast                Erth           100%       2d20      0%          1
 Sting                    Conj/Alch      100%       1d9       0%          1
 Summon Small Mammal      Summ           100%       N/A       0%          1
 Stone Arrow              Conj/Erth      100%       3d13      0%          3
 Apportation              Tloc           100%       N/A       1%          1
 Foxfire                  Conj/Fire      100%       2x1d9     1%          1
 Kiss of Death            Conj/Necr      100%       2d13      1%          1
 Shock                    Conj/Air       100%       1d9       1%          1
 Call Imp                 Summ           100%       N/A       1%          2
 Ensorcelled Hibernation  Hex/Ice        100%       N/A       1%          2
 Lesser Beckoning         Tloc           100%       N/A       1%          2
 Mercury Vapours          Alch/Air       100%       N/A       1%          2
 Scorch                   Fire           72%        2d8       1%          2
 Frozen Ramparts          Ice            100%       1d16      1%          3
 Hailstorm                Conj/Ice       100%       3d16      1%          3
 Maxwell's Portable Pile  Tloc           66%        2d(11-33) 1%          3
 Teleport Other           Tloc           66%        N/A       1%          3
 Volatile Blastmotes      Fire/Tloc      100%       2d18      1%          3
 Animate Armour           Summ/Erth      100%       N/A       1%          4
 Olgreb's Toxic Radiance  Alch           100%       N/A       1%          4
 Petrify                  Alch/Erth      100%       N/A       1%          4
 Summon Blazeheart Golem  Fire/Summ      72%        N/A       1%          4
 Alistair's Intoxication  Alch           76%        N/A       1%          5
 Borgnjor's Vile Clutch   Necr/Erth      42%        N/A       1%          5
 Lee's Rapid Deconstruct  Erth           55%        3d26*     1%          5
 Bombard                  Conj/Erth      67%        9d11      1%          6
 Eringya's Noxious Bog    Alch           57%        4d6       1%          6
 Permafrost Eruption      Ice/Erth       48%        2x4d11    1%          6
 Necrotise                Necr           100%       1d9       3%          1
 Jinxbite                 Hex            72%        N/A       4%          2
 Confusing Touch          Hex            36%        N/A       9%          3
 Fugue of the Fallen      Necr           36%        N/A       9%          3
 Sigil of Binding         Hex            36%        N/A       9%          3
 Swiftness                Air            36%        N/A       9%          3
 Airstrike                Air            18%        2d(3-19)  9%          4
 Metabolic Englaciation   Hex/Ice        30%        N/A       17%         5
 Anguish                  Hex/Necr       18%        N/A       30%         4
 Animate Dead             Necr           36%        N/A       30%         4
 Cause Fear               Hex            18%        N/A       30%         4
 Dispel Undead            Necr           36%        3d15      30%         4
 Curse of Agony           Necr           36%        N/A       63%         5
 Seismic Cannonade        Alch/Erth      63%        6d19      4%          7
 Shatter                  Erth           55%        3d42*     28%         9
 Haunt                    Necr/Summ      36%        N/A       87%         7
 Enfeeble                 Hex            18%        N/A       100%        7
 Infestation              Necr           18%        N/A       100%        8
 Chain Lightning          Conj/Air       52%        3d70      100%        9
 Fire Storm               Conj/Fire      52%        8d13      100%        9


Dungeon Overview and Level Annotations

Branches:
Dungeon (15/15)            Temple (1/1) D:6            Lair (5/5) D:10
 Shoals (4/4) Lair:3       Spider (4/4) Lair:3        Slime (0/5) Lair:4
    Orc (2/2) D:12            Elf (3/3) Orc:2        Vaults (1/5) D:13
 Depths (0/4) D:15         Bailey (visited)

Altars:
Ashenzari
Cheibriados
Dithmenos
Elyvilon
Fedhas
Gozag
Hepliaklqana
Kikubaaqudgha
Makhleb
Nemelex Xobeh
Okawaru
Qazlal
Ru
Sif Muna
Trog
Uskayaw
Vehumet
Wu Jian
Xom
Yredelemnul
Zin
The Shining One
Beogh

Shops:
D:10 (   Orc:2 *?*?   Elf:2 =   Elf:3 *[(   Vaults:1 ?

Annotations:
Spider:2 2 transporters, Arachne; Waploud's ghost, adept CoFi; bobo's ghost, journeyman MiBe
Orc:1 2 transporters, ForkInBrain's ghost, journeyman DENe
Vaults:1 Zenata


Message History

Okay, then.
Casting: Lehudib's Crystal Spear (dangerous; 2% risk of failure)
Confirm with . or Enter, or press ? or * to list all spells.
You feel a surge of power!
The ground around you becomes liquefied!
You block the +2 vampiric war axe's attack.
The +2 glaive of venom hits you but does no damage.
Casting: Leda's Liquefaction (safe; 1% risk of failure)
Confirm with . or Enter, or press ? or * to list all spells.
You feel a surge of power!
You erupt in a blast of force!
The mystic blast hits Zenata.
Zenata is lightly wounded.
Zenata is knocked back by the mystic blast.
Zenata collides with the +3 dire flail of protection.
Zenata is lightly wounded.
The mystic blast hits the +0 mace of protection!
The +0 mace of protection is heavily damaged.
The +0 mace of protection is knocked back by the mystic blast.
The mystic blast hits the +2 vampiric war axe!
The +2 vampiric war axe is moderately damaged.
The +2 vampiric war axe is knocked back by the mystic blast.
The +2 vampiric war axe collides with Zenata!
Zenata is lightly wounded.
The +2 vampiric war axe is moderately damaged.
The mystic blast hits the +1 long sword of flaming.
The +1 long sword of flaming is heavily damaged.
The +1 long sword of flaming is knocked back by the mystic blast.
The +1 long sword of flaming slams into the stone wall!
The +1 long sword of flaming is almost destroyed.
The mystic blast hits the +2 glaive of venom.
The +2 glaive of venom is lightly damaged.
The +2 glaive of venom is knocked back by the mystic blast.
Magic courses through your body.
You block the +2 vampiric war axe's attack.
The +1 long sword of flaming hits you but does no damage.
Zenata gestures at you while chanting.
A blast of power from the earth and the adjacent constructs strikes you!
* * * LOW HITPOINT WARNING * * *
The +2 glaive of venom hits you from afar!!
You die...

.....#........#
..... #....)...#
.... #........# .
#........#
#........#
#........#
########........#
................#
.........@......#
........(((.....#
...........((...#
#########a......#
#.......#
#.......#
#.......#
#.......#
#.......#


You could see Zenata (struggling) and 5 dancing weapons.

Vanquished Creatures
  Norris (Elf:1)
  2 deep elf blademasters
  A deep elf master archer (Elf:3)
  Frances (Shoals:1)
  Aizul (Shoals:2)
  Kirke (Elf:1)
  Donald (Spider:2)
  Roxanne (Shoals:2)
  3 deep elf sorcerers (Elf:3)
  3 deep elf elementalists
  An emperor scorpion (Spider:4)
  The ghost of Xeuleeveso the Imperceptible, an adept SpEn of Gozag (Spider:4)
  3 ghost moths
  2 ironbound preservers (Vaults:1)
  An orc warlord (Vaults:1)
  3 broodmothers (Spider:4)
  An ironbound thunderhulk (Vaults:1)
  A deep elf demonologist (Elf:3)
  5 deep elf annihilators (Elf:3)
  2 deep elf death magi
  Snorg (D:10)
  3 merfolk javelineers (Shoals:4)
  6 merfolk impalers (Shoals:4)
  Josephine (Orc:2)
  An entropy weaver (Spider:4)
  4 deep elf high priests
  10 hydras
  3 jorogumos
  8 ogre magi
  Erolcha (Orc:2)
  2 alligator snapping turtles
  10 centaur warriors
  2 boulder beetles
  5 merfolk aquamancers
  Erica (D:10)
  An ironbound frostheart (Vaults:1)
  3 catoblepae
  2 radroaches
  21 dancing weapons
  14 two-headed ogres
  4 merfolk avatars
  10 death yaks
  2 orc high priests (Elf:1)
  4 demonic crawlers
  2 tengu warriors
  16 deep elf knights
  2 skeletal warriors (D:13)
  A salamander mystic (D:15)
  Amaemon (Lair:1)
  3 skysharks
  A pharaoh ant (Spider:2)
  16 deep elf archers
  4 deep trolls (Vaults:1)
  A glowing orange brain (shapeshifter) (D:15)
  8 sea snakes
  7 orb spiders
  6 harpies
  4 thermic dynamos
  An obsidian bat (Orc:1)
  3 orc knights
  20 deep elf zephyrmancers
  2 steelbarb worms
  9 fauns
  10 orc sorcerers
  10 wolf spiders
  An ironbound convoker (Vaults:1)
  25 deep elf pyromancers
  Maurice (D:9)
  7 ugly things
  8 manticores
  9 cyclopes
  An oklob plant (Lair:3)
  Joseph (D:7)
  4 kobold blastminers
  4 elephants (Lair:4)
  2 vault sentinels (Vaults:1)
  6 water nymphs
  6 merfolk sirens
  3 torpor snails
  3 black mambas
  5 meliai
  A black mamba (shapeshifter) (D:14)
  Maggie (D:7)
  20 cane toads
  An orange demon (Lair:1)
  An unseen horror (D:13)
  Jeremiah (D:9)
  5 efreet
  9 komodo dragons
  6 trolls
  A tengu conjurer (D:15)
  A queen bee (Lair:4)
  23 merfolk
  A hornet (D:9)
  2 polar bears
  2 tyrant leeches (Lair:5)
  7 wind drakes
  8 jumping spiders
  A hornet (shapeshifter) (D:13)
  13 tarantellas
  11 blink frogs (Lair:5)
  A raiju (shapeshifter) (Elf:3)
  8 dream sheep
  7 slime creatures
  5 snapping turtles
  4 air elementals
  A shadow (D:12)
  11 water elementals
  3 culicivoras
  4 wyverns
  8 wraiths
  39 yaks
  A fire elemental (Elf:3)
  Eustachio (D:6)
  3 hogs (Elf:1)
  10 wargs
  15 redbacks
  5 basilisks
  3 steam dragons
  10 vampire mosquitoes
  A two-headed ogre zombie (D:12)
  2 acid dragons (D:9)
  6 water moccasins
  25 orc warriors
  2 ice beasts (D:7)
  3 laughing skulls (D:13)
  4 black bears
  3 ogres
  12 wolves
  3 phantoms
  27 centaurs
  3 kobold brigands
  21 bullfrogs
  A gnoll sergeant (D:9)
  5 scorpions
  2 earth elementals
  A burial acolyte (D:8)
  9 wights
  3 troll zombies (D:12)
  18 killer bees (Lair:4)
  3 electric eels
  8 howler monkeys
  A bombardier beetle (shapeshifter) (Elf:2)
  2 bombardier beetles
  A jelly (D:5)
  6 hounds
  10 orc priests
  A sleepcap (D:5)
  2 gnoll boudas
  Crazy Yiuf (D:5)
  32 orc wizards
  3 hell rats (Lair:4)
  3 ogre zombies (D:12)
  2 hound zombies (D:8)
  13 gnolls
  8 adders
  2 shadow imps (D:8)
  2 white imps
  4 ufetubi
  An adder zombie (D:8)
  2 ribbon worms (D:2)
  4 dart slugs
  89 orcs
  3 bats
  6 endoplasms
  2 giant cockroaches (D:4)
  4 gnoll zombies
  11 goblins
  19 hobgoblins
  13 kobolds
  3 quokkas
  8 ball pythons
  6 frilled lizards
  3 gnoll skeletons (D:12)
  2 kobold zombies (D:8)
  2 orc skeletons (D:12)
  14 orc zombies (D:12)
  7 rats
  8 fulminant prisms
1083 creatures vanquished.

Vanquished Creatures (collateral kills)
  Jorgrun (Shoals:2)
  A titan (Shoals:4)
  Asterion (Elf:1)
  A deep elf blademaster (Elf:3)
  An emperor scorpion (Spider:4)
  Louise (Elf:1)
  A deep elf elementalist (Elf:1)
  A broodmother (Spider:4)
  3 deep elf death magi
  2 deep elf annihilators (Elf:3)
  A deep elf demonologist (Elf:3)
  A spark wasp (Spider:3)
  4 merfolk impalers (Shoals:4)
  2 entropy weavers
  2 boulder beetles (D:14)
  A deep elf high priest (Elf:3)
  A centaur warrior (D:14)
  3 radroaches
  A merfolk avatar (Shoals:4)
  3 merfolk aquamancers
  An alligator snapping turtle (Shoals:4)
  8 dancing weapons
  5 two-headed ogres
  2 death yaks
  A tengu warrior (D:13)
  5 demonic crawlers
  4 deep elf knights
  5 skysharks
  6 sea snakes
  3 pharaoh ants
  4 skeletal warriors
  7 deep elf archers
  A sun moth (Spider:4)
  A deep troll (Vaults:1)
  3 orb spiders (Spider:4)
  An arcanist (D:14)
  5 steelbarb worms
  2 harpies (Shoals:2)
  An ironbound convoker (Vaults:1)
  A thermic dynamo (Elf:2)
  9 deep elf pyromancers
  6 deep elf zephyrmancers
  An orc sorcerer (Orc:2)
  8 ugly things
  11 wolf spiders
  A glowing shapeshifter (Elf:2)
  3 manticores
  4 cyclopes
  4 fauns
  2 oklob plants (Lair:4)
  A moth of wrath (Spider:2)
  2 elephants (Lair:4)
  2 merfolk sirens
  2 water nymphs (Shoals:4)
  2 cane toads (Lair:5)
  3 torpor snails
  A kobold demonologist (D:11)
  A tengu conjurer (D:13)
  5 merfolk
  A queen bee (shapeshifter) (D:14)
  A tyrant leech (Lair:5)
  12 jumping spiders
  11 tarantellas
  A blink frog (Lair:5)
  3 snapping turtles (Shoals:4)
  6 slime creatures
  2 air elementals
  3 yaks
  10 culicivoras
  3 wraiths
  8 water elementals
  2 basilisks
  A fire elemental (Elf:2)
  30 redbacks
  A water moccasin (Lair:5)
  2 orc warriors (Bailey)
  2 laughing skulls
  3 ogres
  A wolf (Lair:4)
  6 centaurs
  An earth elemental (Elf:2)
  A wight (D:7)
  5 orc wizards (Orc:2)
  2 hell rats (Lair:4)
  An ogre zombie (D:12)
  A gnoll (Bailey)
  5 orcs
  A gnoll zombie (D:12)
  A goblin (Bailey)
  2 kobolds (D:9)
  An orc skeleton (D:12)
  2 orc zombies (D:12)
  4 fulminant prisms
302 creatures vanquished.

Vanquished Creatures (others)
  A death yak (Lair:4)
  A deep elf knight (Elf:2)
  A komodo dragon (Lair:5)
  2 water elementals
  2 yaks
  A kobold brigand (D:11)
  2 killer bees (Lair:4)
  A hell rat (Lair:4)
  2 orcs
  565 fulminant prisms
578 creatures vanquished.

Grand Total: 1963 creatures vanquished

Notes
Turn   | Place    | Note
-------+----------+-------------------------------------------
     0 | D:1      | Skular the Deep Elf Conjurer began the quest for the Orb.
     0 | D:1      | Reached XP level 1. HP: 10/10 MP: 6/6
   133 | D:1      | Reached XP level 2. HP: 15/15 MP: 5/8
   264 | D:1      | Found a faded altar of an unknown god.
   265 | D:1      | Noticed a golden eye
   286 | D:1      | Noticed an eye of devastation
   286 | D:1      | Noticed a great orb of eyes
   286 | D:1      | Noticed an eye of devastation
   372 | D:1      | Learned a level 2 spell: Searing Ray
  1126 | D:2      | Reached skill level 5 in Conjurations
  1195 | D:2      | Reached XP level 3. HP: 19/19 MP: 7/10
  1417 | D:2      | Found a white marble altar of Elyvilon.
  2576 | D:3      | Reached XP level 4. HP: 24/24 MP: 4/12
  2581 | D:3      | Learned a level 4 spell: Fulminant Prism
  2586 | D:3      | Learned a level 4 spell: Iskenderun's Mystic Blast
  2690 | D:3      | Found a burning altar of Makhleb.
  2811 | D:3      | Reached skill level 1 in Translocations
  2811 | D:3      | Reached skill level 1 in Alchemy
  2811 | D:3      | Reached XP level 5. HP: 28/28 MP: 7/13
  3136 | D:3      | You fall into a shaft and drop 3 floors!
  3203 | D:6      | Noticed a phantom
  3299 | D:6      | Noticed a steam dragon
  3371 | D:6      | Noticed an ogre
  3385 | D:6      | Killed an ogre
  3386 | D:6      | Reached skill level 5 in Spellcasting
  3386 | D:6      | Reached XP level 6. HP: 22/32 MP: 2/15
  3522 | D:6      | Found a staircase to the Ecumenical Temple.
  3529 | Temple   | Entered the Ecumenical Temple
  3573 | D:5      | Entered Level 5 of the Dungeon
  3625 | D:4      | Noticed an air elemental
  3631 | D:4      | Noticed a fire elemental
  3633 | D:4      | Found a stormy altar of Qazlal.
  4096 | D:4      | Found a broken altar of Ashenzari.
  4319 | D:4      | Noticed a water elemental
  4540 | D:4      | Reached XP level 7. HP: 36/36 MP: 6/17
  4730 | D:4      | Found an ornate altar of the Wu Jian Council.
  5013 | D:4      | Found a hide-covered altar of Uskayaw.
  5823 | D:5      | Found a runed translucent door.
  5824 | D:5      | Noticed Crazy Yiuf
  6002 | D:5      | Killed Crazy Yiuf
  6125 | D:6      | Reached XP level 8. HP: 28/41 MP: 11/19
  6276 | D:6      | Found a bloodstained altar of Trog.
  6603 | D:6      | Identified the +5 rapier of Vazo {flame, rN+ Str+3}
  6657 | D:6      | Noticed Eustachio
  6665 | D:6      | Found an opulent altar of Gozag.
  6681 | D:6      | Killed Eustachio
  7337 | D:6      | Identified a scroll of acquirement
  7338 | D:6      | Acquired a book of Armaments
  7344 | D:6      | Learned a level 3 spell: Stone Arrow
  7360 | D:7      | Noticed Maggie
  7361 | D:7      | Reached skill level 5 in Alchemy
  7438 | D:7      | Reached skill level 1 in Earth Magic
  7442 | D:7      | Reached XP level 9. HP: 41/46 MP: 10/22
  7573 | D:7      | Noticed Joseph
  7713 | D:7      | Killed Joseph
  7714 | D:7      | Reached skill level 1 in Fighting
  8063 | D:7      | Killed Maggie
  8262 | D:7      | Found a snail-covered altar of Cheibriados.
  8352 | D:7      | Learned a level 8 spell: Lehudib's Crystal Spear
  8438 | D:7      | Found a glowing golden altar of the Shining One.
  8709 | D:8      | Identified the +5 pair of boots of the Barnacle {rPois rC+}
  8739 | D:8      | Found an ancient bone altar of Kikubaaqudgha.
  8910 | D:8      | Found a radiant altar of Vehumet.
  8920 | D:8      | Became a worshipper of Vehumet
  9301 | D:8      | Noticed a troll
  9310 | D:8      | Killed a troll
 10006 | D:9      | Reached skill level 5 in Earth Magic
 10006 | D:9      | Reached XP level 10. HP: 54/54 MP: 15/24
 10010 | D:9      | Reached skill level 10 in Conjurations
 10019 | D:9      | Reached skill level 5 in Dodging
 10135 | D:9      | Reached * piety under Vehumet
 10135 | D:9      | Offered knowledge of Sting by Vehumet.
 10137 | D:9      | Noticed Maurice
 10362 | D:9      | Found a flagged portal.
 10377 | Bailey   | Entered a bailey
 10618 | Bailey   | Noticed an orc knight
 10625 | Bailey   | Killed an orc knight
 10875 | Bailey   | Noticed an orc warlord
 10909 | Bailey   | Offered knowledge of Momentum Strike by Vehumet.
 10916 | Bailey   | Reached ** piety under Vehumet
 11290 | Bailey   | Noticed an orc knight
 11318 | Bailey   | Killed an orc knight
 11453 | D:9      | Identified the ring "Omput" {rPois rN+ Will- Str+5}
 11453 | D:9      | Noticed a tengu warrior
 11456 | D:9      | Killed a tengu warrior
 11457 | D:9      | Reached skill level 10 in Spellcasting
 11492 | D:9      | Reached XP level 11. HP: 61/61 MP: 16/27
 11503 | D:9      | Noticed Jeremiah
 11509 | D:9      | Killed Jeremiah
 11654 | D:9      | Acquired the +1 helmet of the Distant Future {-Tele Regen+
                  | Dex+2 Slay+3 Stlth+}
 11683 | D:9      | Killed Maurice
 11886 | D:9      | Identified the staff of Vunygreb {^Drain rPois rCorr SInv
                  | Conj Alchemy}
 11940 | D:9      | Noticed a green ugly thing
 11946 | D:9      | Killed a green ugly thing
 11949 | D:9      | Noticed a purple ugly thing
 11955 | D:9      | Killed a purple ugly thing
 12122 | D:9      | Noticed a centaur warrior
 12128 | D:9      | Killed a centaur warrior
 12208 | D:9      | Reached skill level 5 in Fighting
 12217 | D:9      | Offered knowledge of Hailstorm by Vehumet.
 12490 | D:9      | Got the Writings on Ice
 12494 | D:9      | Identified the staff "Ceusaaf" {rN+ Air Earth}
 12923 | D:9      | Found a hazy altar of Hepliaklqana.
 13022 | D:9      | Found a shimmering blue altar of Sif Muna.
 13023 | D:9      | Found a shadowy altar of Dithmenos.
 13192 | D:10     | Entered Level 10 of the Dungeon
 13202 | D:10     | Found Igrimef's Antique Weapon Shop.
 13214 | D:10     | Noticed a two-headed ogre
 13221 | D:10     | Killed a two-headed ogre
 13222 | D:10     | Reached skill level 10 in Earth Magic
 13242 | D:10     | Noticed a two-headed ogre
 13248 | D:10     | Killed a two-headed ogre
 13355 | D:10     | Reached *** piety under Vehumet
 13455 | D:10     | Noticed Snorg
 13480 | D:10     | Killed Snorg
 13481 | D:10     | Reached XP level 12. HP: 69/69 MP: 21/29
 13699 | D:10     | Noticed a two-headed ogre
 13705 | D:10     | Killed a two-headed ogre
 14010 | D:10     | Found Zin's Purification Station.
 14011 | D:10     | Found a glowing silver altar of Zin.
 14135 | D:10     | Noticed Erica
 14141 | D:10     | Killed Erica
 14176 | D:10     | Found a shimmering altar of Xom.
 14232 | D:10     | Found a staircase to the Lair.
 14531 | D:10     | Upgraded the game from 0.32-a0-960-g3814254bd7 to
                  | 0.32-a0-961-gd60f5e5fc7
 14579 | Lair:1   | Entered Level 1 of the Lair of Beasts
 14585 | Lair:1   | Learned a level 3 spell: Ozocubu's Armour
 14589 | Lair:1   | Noticed a catoblepas
 14604 | Lair:1   | Killed a catoblepas
 14733 | Lair:1   | Reached skill level 1 in Ice Magic
 15093 | Lair:1   | Noticed Amaemon
 15099 | Lair:1   | Noticed a boulder beetle
 15101 | Lair:1   | Killed a boulder beetle
 15101 | Lair:1   | Offered knowledge of Ignite Poison by Vehumet.
 15109 | Lair:1   | Killed Amaemon
 15156 | Lair:1   | Found an ornate altar of the Wu Jian Council.
 15157 | Lair:1   | Found a hide-covered altar of Uskayaw.
 16858 | Lair:3   | Found a hole to the Spider Nest.
 16862 | Lair:3   | Reached **** piety under Vehumet
 16887 | Lair:3   | Noticed an eight-headed hydra
 16888 | Lair:3   | Offered knowledge of Freezing Cloud by Vehumet.
 17038 | Lair:2   | Reached XP level 13. HP: 76/76 MP: 8/31
 17722 | Lair:3   | Found a staircase to the Shoals.
 18866 | Lair:4   | Reached skill level 5 in Ice Magic
 19295 | Lair:4   | Reached ***** piety under Vehumet
 19309 | Lair:4   | Offered knowledge of Arcjolt by Vehumet.
 19709 | Lair:4   | Reached XP level 14. HP: 82/82 MP: 27/33
 19742 | Lair:4   | Found a staircase to the Slime Pits.
 19775 | Lair:4   | Upgraded the game from 0.32-a0-961-gd60f5e5fc7 to
                  | 0.32-a0-975-g85d4e5bfdb
 20204 | Lair:5   | Entered Level 5 of the Lair of Beasts
 21646 | Lair:5   | Learned a level 2 spell: Blink
 22040 | D:11     | Identified the +7 short sword "Dragonbane" {flame, Stlth+}
 22544 | D:11     | Reached skill level 1 in Evocations
 22550 | D:11     | Reached skill level 1 in Staves
 22838 | D:11     | Found a transporter.
 22892 | D:11     | Found a transporter.
 23113 | D:11     | Identified the +1 shortbow of Makhleb's Outrage {freeze,
                  | rElec}
 23402 | D:12     | Offered knowledge of Lee's Rapid Deconstruction by Vehumet.
 23409 | D:12     | Learned a level 5 spell: Lee's Rapid Deconstruction
 23423 | D:12     | Found a staircase to the Orcish Mines.
 23530 | D:12     | Identified the +10 dagger "Hierch" {freeze, rElec rPois
                  | rC++ Str-4}
 23679 | D:12     | Identified the +3 long sword "Byxonkex" {venom, rElec rPois
                  | Str+3 Dex+2 Stlth-}
 24194 | Orc:1    | Entered Level 1 of the Orcish Mines
 24997 | Orc:1    | Found a transporter.
 25000 | Orc:1    | Noticed ForkInBrain's ghost (journeyman DENe)
 25005 | Orc:1    | Found a transporter.
 25013 | Orc:1    | Identified the +4 great mace "Elloh" {antimagic, *Rage
                  | rElec rPois Int+4}
 25013 | Orc:1    | Identified the +12 great mace "Vasin" {flame, rF- Will+
                  | Int+3}
 25391 | Orc:2    | Entered Level 2 of the Orcish Mines
 25391 | Orc:2    | Noticed Josephine
 25391 | Orc:2    | Found a staircase to the Elven Halls.
 25423 | Orc:2    | Noticed Erolcha
 25425 | Orc:2    | Killed Josephine
 25428 | Orc:2    | Killed Erolcha
 25661 | Orc:2    | Reached XP level 15. HP: 88/88 MP: 18/35
 25862 | Orc:2    | Reached skill level 15 in Conjurations
 25995 | Orc:2    | Reached skill level 15 in Earth Magic
 26216 | Orc:2    | Offered knowledge of Spellforged Servitor by Vehumet.
 26317 | Orc:2    | Reached skill level 10 in Alchemy
 26798 | Orc:2    | Found Bapraw's General Store.
 26820 | Orc:2    | Learned a level 7 spell: Spellforged Servitor
 26820 | Orc:2    | Found a roughly hewn altar of Beogh.
 26857 | Orc:2    | Found Jemiph's Magic Scroll Emporium.
 26867 | Orc:2    | Bought a scroll of revelation for 127 gold pieces
 26867 | Orc:2    | Bought a scroll of teleportation for 51 gold pieces
 26989 | Orc:2    | Found Qarheegha's Assorted Antiques.
 27078 | Orc:2    | Reached skill level 1 in Summonings
 27344 | Orc:2    | Found Rokoagin's Magic Scroll Emporium.
 27368 | Orc:2    | Bought a potion of brilliance for 60 gold pieces
 27368 | Orc:2    | Bought a potion of invisibility for 120 gold pieces
 27368 | Orc:2    | Bought a potion of enlightenment for 75 gold pieces
 27368 | Orc:2    | Bought the amulet "Finie" {Reflect Will+ Str+3 SH+5 Stlth+}
                  | for 775 gold pieces
 27636 | D:13     | Reached skill level 15 in Spellcasting
 27974 | D:13     | Found a gate to the Vaults.
 29376 | D:13     | Reached skill level 5 in Summonings
 29466 | D:14     | Reached ****** piety under Vehumet
 30310 | D:15     | Entered Level 15 of the Dungeon
 30326 | D:15     | Reached XP level 16. HP: 95/95 MP: 10/37
 30332 | D:15     | Reached skill level 1 in Shields
 30631 | D:15     | Offered knowledge of Permafrost Eruption by Vehumet.
 31205 | D:15     | Found a staircase to the Depths.
 31721 | Spider:1 | Entered Level 1 of the Spider Nest
 32786 | Spider:2 | Found a transporter.
 33090 | Spider:2 | Noticed Donald
 33170 | Spider:2 | Killed Donald
 33375 | Spider:2 | Noticed Arachne
 33508 | Spider:2 | Noticed Waploud's ghost (adept CoFi)
 33518 | Spider:2 | Noticed bobo's ghost (journeyman MiBe)
 33593 | Spider:2 | Learned a level 4 spell: Leda's Liquefaction
 33869 | Spider:2 | Found a transporter.
 33877 | Spider:2 | Offered knowledge of Bombard by Vehumet.
 33886 | Spider:2 | Learned a level 6 spell: Bombard
 34971 | Spider:3 | Learned a level 7 spell: Orb of Destruction
 35318 | Spider:3 | Reached XP level 17. HP: 59/101 MP: 30/39
 35576 | Spider:4 | Entered Level 4 of the Spider Nest
 35778 | Spider:4 | Found a runed translucent door.
 36155 | Spider:4 | Offered knowledge of Irradiate by Vehumet.
 36406 | Spider:4 | Reached skill level 5 in Shields
 36757 | Spider:4 | Noticed Xeuleeveso's ghost (adept SpEn)
 36790 | Spider:4 | Killed Xeuleeveso's ghost
 37539 | Spider:4 | Reached skill level 10 in Summonings
 37859 | Spider:4 | Reached skill level 10 in Fighting
 38387 | Spider:4 | Identified the orb of Rotini {*channel, Stlth+ Alchemy}
 38390 | Spider:4 | Got a gossamer rune of Zot
 38691 | Elf:1    | Entered Level 1 of the Elven Halls
 39647 | Elf:1    | Identified the +4 kite shield "Osis Vyk" {MP-9 Int+5}
 39647 | Elf:1    | Noticed Asterion
 39653 | Elf:1    | Killed Asterion
 40074 | Elf:1    | Got the Precepts of Grit
 40163 | Elf:1    | Identified the +1 pair of boots of Plog {Str+5}
 40212 | Elf:1    | Noticed Louise
 40221 | Elf:1    | Killed Louise
 40463 | Elf:1    | Offered knowledge of Maxwell's Capacitive Coupling by
                  | Vehumet.
 40464 | Elf:1    | Reached XP level 18. HP: 108/108 MP: 35/41
 40464 | Elf:1    | Noticed Norris
 40504 | Elf:1    | Killed Norris
 40652 | Elf:1    | Noticed Kirke
 40657 | Elf:1    | Killed Kirke
 40706 | Elf:1    | Identified the storm talisman "Hyub" {rC+ Int+2}
 41220 | Elf:2    | Found the necklace of Bloodlust {Fury *Rage Will++ Int-3
                  | Slay+6}
 41276 | Elf:2    | Paralysed by an air elemental for 1 turns
 41437 | Elf:2    | Found Hafoni's Jewellery Shoppe.
 41512 | Elf:2    | Bought the ring "Etas" {*Corrode rElec rF+ MP+9} for 889
                  | gold pieces
 41926 | Elf:2    | Found a runed translucent gate.
 41927 | Elf:2    | Found a runed translucent gate.
 41927 | Elf:2    | Found a runed translucent gate.
 43003 | Elf:3    | Entered Level 3 of the Elven Halls
 43272 | Elf:3    | Offered knowledge of Chain Lightning by Vehumet.
 43272 | Elf:3    | Offered knowledge of Polar Vortex by Vehumet.
 43272 | Elf:3    | Offered knowledge of Fulsome Fusillade by Vehumet.
 43321 | Elf:3    | Found Itaosohe's Assorted Antiques.
 43321 | Elf:3    | Found Teoth's Antique Armour Shop.
 43326 | Elf:3    | Found Tory's Weapon Boutique.
 43330 | Elf:3    | Bought a clear potion for 21 gold pieces
 43330 | Elf:3    | Bought a scroll labelled EXZITIPPOBO for 24 gold pieces
 43330 | Elf:3    | Bought a scroll of enchant armour for 180 gold pieces
 43330 | Elf:3    | Bought a potion of brilliance for 96 gold pieces
 43330 | Elf:3    | Bought a potion of brilliance for 96 gold pieces
 44024 | Elf:3    | Identified the +3 halberd "Liawef" {venom, rF+ rC+ Will+
                  | Int-3}
 44024 | Elf:3    | Identified the +1 leather armour of the Unbroken {rN++}
 44028 | Elf:3    | Identified the +4 scimitar "Deaclen" {flame, rPois Will++}
 44033 | Elf:3    | Identified the +7 glaive of Division {flame, Str+6}
 44318 | Elf:3    | Reached XP level 19. HP: 53/113 MP: 33/43
 44874 | Elf:3    | Identified the +6 mace "Hydraslayer" {drain, rC- Str+4}
 44888 | Elf:3    | Got the Atlas of Cold and Cadavers
 44892 | Elf:3    | Identified the staff of Action {rPois Will+ Dex+4 Summ
                  | Alchemy}
 44994 | Elf:3    | Got the Precepts of Anthracomancy and Signs
 45398 | Shoals:1 | Entered Level 1 of the Shoals
 45585 | Shoals:1 | Learned a level 8 spell: Fulsome Fusillade
 46078 | Shoals:1 | Noticed Frances
 46082 | Shoals:1 | Killed Frances
 46559 | Shoals:2 | Noticed Jorgrun
 46562 | Shoals:2 | Killed Jorgrun
 46684 | Shoals:2 | Identified the serpent talisman of Bad Feelings {Int-3
                  | Dex+2 SInv}
 46684 | Shoals:2 | Noticed Aizul
 46688 | Shoals:2 | Killed Aizul
 47401 | Shoals:2 | Noticed Roxanne
 47406 | Shoals:2 | Killed Roxanne
 48555 | Shoals:4 | Entered Level 4 of the Shoals
 49284 | Shoals:4 | Paralysed by an air elemental for 1 turns
 49590 | Shoals:4 | Got a barnacled rune of Zot
 49611 | Shoals:4 | Reached XP level 20. HP: 109/120 MP: 39/44
 49765 | Shoals:4 | Found a stormy altar of Qazlal.
 49963 | Shoals:4 | Found a blossoming altar of Fedhas.
 50080 | Shoals:4 | Paralysed by an air elemental for 1 turns
 50082 | Shoals:4 | Paralysed by an air elemental for 1 turns
 50086 | Shoals:4 | Paralysed by an air elemental for 1 turns
 50302 | Shoals:4 | Upgraded the game from 0.32-a0-975-g85d4e5bfdb to
                  | 0.32-a0-981-g384da2ce10
 50534 | Vaults:1 | Entered Level 1 of the Vaults
 50640 | Vaults:1 | Found Ysuelapi's Magic Scroll Shoppe.
 51130 | Vaults:1 | Noticed Zenata
 51149 | Vaults:1 | Slain by a +2 glaive of venom

Illustrated notes

Levels and vault maps discovered:
D:1:      nicolae_arrival_memento_mori, layout_basic,
          hellmonk_ecumenical_altar_watching_god
D:2:      layout_basic, basic_altar, serial_rivers,
          chequers_serial_rivers_micro_c, chequers_serial_rivers_small_a,
          chequers_serial_rivers_large_a, chequers_serial_rivers_small_3,
          chequers_serial_rivers_micro_d
D:3:      layout_basic, lightli_temple_of_fire
D:4:      layout_loops_ring, nicolae_qazlal_style_of_elements,
          mainiacjoe_overflow_surrounded_room, nzn_wu_jian_council_hall,
          cheibrodos_ashenzari_chains, palyth_stone_intersect
D:5:      layout_cave_pools, uniq_crazy_yiuf_cottage
D:6:      minmay_general_purpose_star, layout_loops_ring,
          nicolae_gozag_cash_rules_everything_around_me, trog_book,
          minmay_temple_entry_steel_oval, uniq_eustachio
D:7:      layout_loops_ring, amcnicky_altar_gilded,
          nicolae_tso_swordbearing_angel, uniq_joseph, uniq_maggie
D:8:      layout_basic, mainiacjoe_overflow_tiny_flanked,
          regret_index_kikubaaqudgha_part_by_part
D:9:      minmay_the_grid_octo_tiled_octocenter [minmay_the_grid_octo_checkered,
          minmay_the_grid_octo_fan_narrow, minmay_the_grid_octo_thin_diamonds,
          minmay_the_grid_octo_concentric,
          minmay_the_grid_octo_prize_square_snowflake,
          minmay_the_grid_square_5x5_bite, minmay_the_grid_square_5x5_v,
          minmay_the_grid_square_5x5_shrine1, minmay_the_grid_square_5x5_comb],
          layout_layer_cave, gammafunk_temple_overflow_wave,
          mainiacjoe_overflow_small_starburst, enter_bailey_2, uniq_jeremiah,
          uniq_maurice
D:10:     layout_stronghold, regret_index_xom_buried_treasure, zin_purify,
          david_lair_shrubbed, serial_shops, shop, uniq_snorg, uniq_erica
D:11:     minmay_tri_box, layout_long_grid, minivault_25_ag,
          nicolae_diode_stairs
D:12:     layout_loops_cross, zombieorc2_lemuel, nicolae_tricolors
D:13:     layout_loops_cross, erik_vaults_1
D:14:     minmay_imperfect_grid, layout_rooms, serial_shops, shop,
          infiniplex_staircase_squiggle, uniq_lodul
D:15:     hangedman_depths_entry_try_elsewhere_first, layout_gridville,
          minmay_fountain_box
Temple:   hellmonk_temple_micro_hex
Lair:1:   layout_loops_ring, nzn_masters_of_martial_movement,
          lemuel_fruit_fields, uniq_amaemon
Lair:2:   layout_cave_pods
Lair:3:   layout_gridlike, minmay_shoals_entry_centaurs, spider_nest_entry_a
Lair:4:   layout_roguey [special_room_bee], minmay_slime_entry_oklob_enclosed,
          grunt_megastairs_2
Lair:5:   minmay_lair_end_frog_pond, layout_regular_city, serial_rivers,
          chequers_serial_rivers_room_b, chequers_serial_rivers_micro_b,
          chequers_serial_rivers_micro_b, chequers_serial_rivers_micro_c,
          chequers_serial_rivers_micro_e, chequers_serial_rivers_marsh
Shoals:1: layout_shoals, uniq_frances
Shoals:2: layout_shoals, uniq_aizul, uniq_jorgrun, uniq_roxanne
Shoals:3: nzn_motion_control, layout_shoals
Shoals:4: shoals_end_hellmonk_storm_palace [storm_palace_center_square,
          storm_palace_corner_grid, storm_palace_corner_narrow,
          storm_palace_corner_altar, storm_palace_corner_altar]
Spider:1: layout_spider_delve, nicolae_spider_checkerboard
Spider:2: layout_spider_delve, nzn_ghost_randoct, uniq_donald, uniq_arachne
Spider:3: layout_spider_delve, hangedman_spider_tarantella_strand
Spider:4: hellmonk_spider_rune_endless_swarm, ebering_ghost_inner_flame
Orc:1:    layout_caves, gammafunk_ghost_smash
Orc:2:    st_orc_town, layout_caves, uniq_erolcha, uniq_josephine
Elf:1:    nicolae_elf_arrival_no_cutting_in_line, layout_geoelf_octagon,
          minmay_elf_crystal_hexagon, guppyfry_library_mini,
          roderic_lattice_octagonal_star, uniq_kirke, uniq_louise, uniq_norris,
          uniq_asterion
Elf:2:    nicolae_elf_blades_crystal_corner, layout_onion_city,
          serial_library_hellmonk_junction, grunt_ministairs_8, st_stairs_8,
          minmay_shop_grid_forest, lemuel_flamethrower_3
Elf:3:    minmay_elf_hall_dome, layout_geoelf_diagonals, minmay_shop_star
Vaults:1: v_misc_31, nicolae_vaults_tangram_2, grunt_vaults_swirl,
          hangedman_vaults_trim, nicolae_vaults_door_testing_chamber,
          nicolae_vaults_closet_pinwheel_3, nicolae_vaults_weapon_check,
          vaults_room_semicircle, nicolae_vaults_tetromino_Z_1,
          layout_vaults_chaotic_city, serial_shops, nicolae_shop_stone, shop,
          nicolae_shop_rolling_square, shop, uniq_zenata

Skill      XL: |  1  2  3  4  5  6  7  8  9 10 11 12 13 14 15 16 17 18 19 20 |
---------------+-------------------------------------------------------------+-----
Conjurations   | 5 6 7 8 9 10 11 12 13 14 15 16 17 18 19 | 19.1
Spellcasting   | 4 5 6 7 8 10 11 12 13 14 15 16 17 18 | 18.8
Translocations | 1 2 3 4 |  4.9
Alchemy        | 1 2 3 5 6 8 9 10 11 12 | 12.3
Earth Magic    | 1 5 7 10 12 13 14 15 16 17 18 19 | 19.1
Dodging        | 3 4 6 |  6.0
Fighting       | 2 4 5 6 7 8 9 10 11 | 11.5
Ice Magic      | 3 5 6 7 |  7.8
Evocations     | 2 3 |  3.4
Staves         | 2 3 |  3.2
Summonings     | 6 9 11 12 | 12.9
Shields        | 4 5 7 9 |  9.8
Stealth        | |  2.6

Action                     |  1- 3 |  4- 6 |  7- 9 | 10-12 | 13-15 | 16-18 | 19-21 || total
---------------------------+-------+-------+-------+-------+-------+-------+-------++-------
  Melee: Unarmed           |       |     5 |       |       |       |       |       ||     5
         Rapier            |       |       |     5 |       |       |       |       ||     5
         Staff             |       |       |       |     9 |       |     5 |    11 ||    25
   Cast: Magic Dart        |    85 |    81 |    53 |    43 |   117 |     1 |     4 ||   384
         Searing Ray       |     3 |     3 |    25 |    45 |    14 |     5 |     4 ||    99
         Fulminant Prism   |       |     9 |    38 |   141 |   214 |    97 |    79 ||   578
         Iskenderun's Myst |       |     1 |    18 |    45 |    31 |    29 |    14 ||   138
         Stone Arrow       |       |       |       |     9 |   149 |    26 |       ||   184
         Ozocubu's Armour  |       |       |       |     1 |    13 |     5 |     4 ||    23
         Lehudib's Crystal |       |       |       |       |    37 |    60 |    46 ||   143
         Lee's Rapid Decon |       |       |       |       |     7 |     2 |       ||     9
         Spellforged Servi |       |       |       |       |    19 |   113 |    34 ||   166
         Bombard           |       |       |       |       |       |    11 |       ||    11
         Orb of Destructio |       |       |       |       |       |    75 |    85 ||   160
         Fulsome Fusillade |       |       |       |       |       |       |     3 ||     3
         Leda's Liquefacti |       |       |       |       |       |       |     3 ||     3
  Evoke: Wand              |       |       |     3 |    18 |       |     6 |       ||    27
    Use: Potion            |       |     1 |       |     7 |       |     6 |     4 ||    18
         Scroll            |       |       |    13 |    12 |     7 |     7 |     1 ||    40
   Stab: Distracted        |       |       |       |       |       |       |     1 ||     1
 Armour: Robe              |     1 |     4 |    31 |    58 |    78 |   155 |    82 ||   409
         Skin              |       |       |     1 |    14 |       |       |       ||    15
  Dodge: Dodged            |     2 |    13 |    55 |    65 |    49 |   107 |    16 ||   307
  Block: Other             |       |       |       |       |    12 |       |       ||    12
         Reflection        |       |       |       |       |     7 |    15 |    26 ||    48
         Buckler           |       |       |       |       |       |    74 |       ||    74
         Kite shield       |       |       |       |       |       |     2 |    74 ||    76

Table legend: (Time is in decaauts)
 A = Elapsed time spent in this place.
 B = Non-inter-level travel time spent in this place.
 C = Inter-level travel time spent in this place.
 D = Time resting spent in this place.
 E = Time spent auto-exploring this place.
 F = Levels seen in this place.
 G = Mean time per level.
                   A        B        C        D        E       F      G
               +--------+--------+--------+--------+--------+-----+--------+
         Total |  51533 |  45696 |   5837 |  12478 |  26425 |  36 | 1431.5 |
       Dungeon |  20424 |  18371 |   2053 |   3568 |  12575 |  15 | 1361.6 |
        Temple |      1 |      1 |      0 |      0 |      0 |   1 |    1.0 |
          Lair |   7561 |   6611 |    950 |   1792 |   3945 |   5 | 1512.2 |
        Shoals |   5259 |   4825 |    434 |    910 |   3096 |   4 | 1314.8 |
   Spider Nest |   6859 |   5968 |    891 |   2249 |   2729 |   4 | 1714.8 |
  Orcish Mines |   3287 |   2895 |    392 |    931 |   1452 |   2 | 1643.5 |
   Elven Halls |   6555 |   5451 |   1104 |   2378 |   2077 |   3 | 2185.0 |
        Vaults |    611 |    602 |      9 |      0 |    524 |   1 |  611.0 |
        Bailey |    972 |    972 |      0 |    650 |     26 |   1 |  972.0 |
               +--------+--------+--------+--------+--------+-----+--------+

Top non-repeatable levels by time:
Spider:4: 2480 daAuts
   Elf:1: 2361 daAuts
   Elf:3: 2158 daAuts
   Elf:2: 2035 daAuts
  Lair:4: 2033 daAuts
     D:9: 1958 daAuts
     D:6: 1832 daAuts
Shoals:4: 1769 daAuts
  Lair:2: 1713 daAuts
Spider:3: 1681 daAuts
    D:13: 1666 daAuts
   Orc:2: 1663 daAuts
    D:10: 1626 daAuts
   Orc:1: 1624 daAuts
Spider:1: 1579 daAuts
